 Dungeon Crawl Stone Soup version 0.30.1-4-g462c640d31 (webtiles) character file.

Game seed: 17929567079838424086

147 Powssss the Chopper (level 5, 0/47 HPs)
             Began as a Minotaur Berserker on Aug 25, 2023.
             Was a Believer of Trog.
             Slain by Crazy Yiuf
             ... wielding a +4 quarterstaff of chaos
              (2 damage)
             ... on level 2 of the Dungeon.
             The game lasted 00:04:55 (1688 turns).

Powssss the Chopper (Minotaur Berserker)            Turns: 1688, Time: 00:04:57

Health: 0/47       AC:  4    Str: 23    XL:     5   Next: 7%
Magic:  3/4        EV: 12    Int:  4    God:    Trog [**....]
Gold:   150        SH:  0    Dex: 10    Spells: 4/4 levels left

rFire   . . .        a - +0 hand axe
rCold   . . .        (no shield)
rNeg    . . .        b - +0 animal skin
rPois   .            (helmet restricted)
rElec   .            i - +1 cloak
rCorr   .            (no gloves)
SInv    .            (no boots)
Will    .....        (no amulet)
Stlth   +            (no ring)
HPRegen 0.27/turn    (no ring)
MPRegen 0.09/turn

%: no passive effects
@: no status effects
A: horns 2, retaliatory headbutt
a: Renounce Religion, Berserk, Trog's Hand


You were on level 2 of the Dungeon.
You worshipped Trog.
Trog was pleased with you.
You visited 1 branch of the dungeon, and saw 2 of its levels.

You collected 150 gold pieces.

Inventory:

Hand Weapons
 a - a +0 hand axe (weapon)
Missiles
 d - 3 javelins (quivered)
 l - 5 poisoned darts
 m - 4 boomerangs of dispersal
 s - 3 boomerangs
Armour
 b - a +0 animal skin (worn)
 c - a scarf of shadows
 i - a +1 cloak (worn)
Jewellery
 p - a ring of ice
 r - a ring of protection from cold
Wands
 q - a wand of flame (2)
Scrolls
 e - 2 scrolls of identify
 f - a scroll of enchant weapon {unknown}
 j - a scroll of immolation {unknown}
 o - a scroll of poison
Potions
 g - a potion of haste {unknown}
 h - a potion of brilliance {unknown}
 k - 2 potions of ambrosia {unknown}
 n - a potion of flight {unknown}


   Skills:
 + Level 4.8 Fighting
 + Level 5.2 Axes
 * Level 1.7 Throwing
 * Level 3.0 Armour
 - Level 2.2 Dodging
 - Level 0.2 Stealth


You had 4 spell levels left.
You didn't know any spells.
Your spell library was empty.

Dungeon Overview and Level Annotations

Branches:
Dungeon (2/15)

Altars:

Annotations:
D:2 Crazy Yiuf


Innate Abilities, Weirdness & Mutations

You have a pair of horns on your head.
You reflexively headbutt those who attack you in melee.


Message History

You see here a +0 helmet.
There is a large open door here.
You see here a +0 dagger.
There is a stone staircase leading down here.
You open the door.
There is an open door here.
r - a ring of protection from cold You now have 150 gold pieces (gained 8).
Found 3 boomerangs.
Found a stone staircase leading down.
You see here 3 boomerangs.
s - 3 boomerangs
There is an open door here.
There is an open door here.
Crazy Yiuf shouts!
Crazy Yiuf twirls on the spot.
There is an open door here.
There is an open door here.
You open the door.
There is an open door here.
Found a stone staircase leading up.
There is an open door here.
There is an open door here.
There is an open door here.
You open the door.
Crazy Yiuf yells, "Race fast King!"
Crazy Yiuf hits you with a +4 quarterstaff of chaos!
You feel your power leaking away.
There is an open translucent door, spattered with blood here.
You hit Crazy Yiuf.
Crazy Yiuf is moderately wounded.
Crazy Yiuf hits you with a +4 quarterstaff of chaos!
Crazy Yiuf freezes you!
You hit Crazy Yiuf.
You headbutt Crazy Yiuf, but do no damage.
Crazy Yiuf is heavily wounded.
Crazy Yiuf hits you with a +4 quarterstaff of chaos!
* * * LOW HITPOINT WARNING * * *
Crazy Yiuf freezes you.
You die...

#...######.###.###.#.###
#...# #.#...#<....#
#.### ##########..## #.#
#..# ##..## #.# #####
#..######..# ### #..)#
#..........) #...#
#..######... #.g.#
#.....# #... *#@#*
#..^..# #... ♣♣.♣
#.....# #... ♣.♣♣
#.....###... ♣♣.♣
#.....'##### ♣.♣♣
#.....## ♣♣.♣♣ #...<..#
♣...♣♣ ####'#.#####
♣.P.P♣ ####'#.#....
#....# #......#.###


You could see Crazy Yiuf.

Vanquished Creatures
  Natasha (thrice) (D:2)
  Robin (D:2)
  An adder (D:2)
  2 dart slugs (D:2)
  3 endoplasms
  A giant cockroach (D:1)
  12 goblins
  6 hobgoblins
  3 jackals (D:1)
  3 quokkas (D:2)
  5 bats
  3 frilled lizards
  A kobold (D:2)
  3 rats
47 creatures vanquished.

Notes
Turn   | Place    | Note
-------+----------+-------------------------------------------
     0 | D:1      | Powssss the Minotaur Berserker began the quest for the Orb.
     0 | D:1      | Reached XP level 1. HP: 19/19 MP: 0/0
   124 | D:1      | Reached XP level 2. HP: 26/27 MP: 1/1
   238 | D:1      | Reached skill level 4 in Axes
   692 | D:2      | Found a runed translucent door.
   727 | D:2      | Noticed Natasha
   732 | D:2      | Killed Natasha
   733 | D:2      | Reached skill level 1 in Throwing
   733 | D:2      | Reached XP level 3. HP: 19/33 MP: 2/2
   823 | D:2      | Reached ** piety under Trog
   897 | D:2      | Noticed Natasha
   911 | D:2      | Killed Natasha
   912 | D:2      | Reached XP level 4. HP: 21/41 MP: 3/3
   989 | D:2      | Noticed Robin
  1003 | D:2      | Killed Robin
  1003 | D:2      | HP: 2/41 [poisoned by Robin]
  1248 | D:2      | Noticed Natasha
  1257 | D:2      | Killed Natasha
  1258 | D:2      | Reached skill level 5 in Axes
  1360 | D:2      | Reached XP level 5. HP: 47/47 MP: 4/4
  1559 | D:2      | Noticed Crazy Yiuf
  1688 | D:2      | HP: 2/47 [Crazy Yiuf/+4 quarterstaff of chaos (14)]
  1688 | D:2      | Slain by Crazy Yiuf

Illustrated notes

Levels and vault maps discovered:
D:1:      wander_arrival_fairy_ring, layout_rooms
D:2:      layout_basic, minmay_mini_jars, uniq_robin, uniq_crazy_yiuf_cottage,
          uniq_natasha

Skill      XL: |  1  2  3  4 |
---------------+-------------+-----
Axes           | 4 5 |  5.2
Fighting       | 4 |  4.8
Throwing       | 1 |  1.7
Armour         | 3 |  3.0
Dodging        | |  2.2
Stealth        | |  0.2

Action                     |  1- 3 |  4- 6 || total
---------------------------+-------+-------++-------
  Melee: Hand axe          |    60 |    36 ||    96
         Headbutt          |     5 |     7 ||    12
    Use: Scroll            |     6 |       ||     6
         Potion            |       |     1 ||     1
 Armour: Animal skin       |    22 |     8 ||    30
  Dodge: Dodged            |    42 |    28 ||    70
